 Dungeon Sprint DCSS version bcrawl-1.19.2-6-g6a88ae04c9 (webtiles) character file.

Game seed: 13662335288571761690

114 Freyura the Cudgeler (level 4, -9/31 HPs)
             Began as a Gargoyle Monk on Jan 5, 2020.
             Splashed by a jelly's acid (11 damage)
             ... in the Dungeon (Sprint IX: "|||||||||||||||||||||||||||||").
             The game lasted 00:00:44 (43 turns).

Freyura the Cudgeler (Gargoyle Monk)                  Turns: 43, Time: 00:00:44

Health: -9/31      AC: -6    Str: 15    XL:     4   Next: 98%
Magic:  0/5        EV: 14    Int: 10    God:
Gold:   0          SH:  0    Dex: 13    Spells: 3/3 levels left

rFire    . . .     SeeInvis .   a - +0 mace
rCold    . . .     Gourm    .   (no shield)
rNeg     + . .     Faith    .   b - +0 robe
rPois    ∞         Spirit   +   c - +0 hat
rElec    +         Reflect  .   (no cloak)
rCorr    .         Harm     .   (no gloves)
MR       .....     NoTele   +   (no boots)
Stlth    ++........             d - amulet of guardian spirit
HPRegen  0.10/turn              (no ring)
MPRegen  0.09/turn              (no ring)

@: corroded, berserk cooldown, slowed, very slow
A: negative energy resistance 1, electricity resistance, unbreathing,
petrification resistance, rot immunity, AC +3
a: no special abilities


You were in the Dungeon.
You were not hungry.

You visited 1 branch

Inventory:

Hand Weapons
 a - a +0 mace (weapon)
Armour
 b - a +0 robe (worn)
 c - a +0 hat (worn)
Jewellery
 d - an amulet of guardian spirit (around neck)
Scrolls
 k - a scroll of blinking
Potions
 e - a potion of curing
 g - a potion of heal wounds
 h - a potion of haste
 i - 2 potions of magic
Comestibles
 f - a ration {!d}


   Skills:
 + Level 5.6 Fighting
 * Level 6.6 Maces & Flails
 + Level 4.3 Armour
 + Level 4.2 Dodging
 - Level 2.4 Stealth
   Level 2.1 Invocations


You had 3 spell levels left.
You didn't know any spells.
Your spell library was empty.

Dungeon Overview and Level Annotations

Branches:
Dungeon (1/1)

Altars:


Innate Abilities, Weirdness & Mutations

You are resistant to torment.
Your stone body is resilient. (AC +3)
You are immune to poison.
You resist negative energy. (rN+)
You are resistant to electric shocks. (rElec)
You can survive without breathing.
You are immune to petrification.
You are immune to rotting.


Message History

You are too injured to fight recklessly!
You are too injured to fight recklessly!
You are too injured to fight recklessly!
You are too injured to fight recklessly!
You are too injured to fight recklessly!
You hit the jelly.
Your hands burn!
The jelly is severely wounded.
The jelly misses you. The jelly hits you. The acid corrodes you!
You are splashed with acid!
* * * LOW HITPOINT WARNING * * *
You hit the jelly but do no damage.
Your hands burn!
* * * LOW HITPOINT WARNING * * *
The jelly is severely wounded.
The jelly closely misses you.
You hit the jelly but do no damage.
Your hands burn!
The jelly is severely wounded.
The jelly barely misses you. The jelly hits you.
* * * LOW HITPOINT WARNING * * *
The acid corrodes you!
You are splashed with acid!
You die... ▓▓▓▓▓▓▓▓▓▓▓▓▓▓▓▓▓▓ +..aSJ@.....)...<▓ ▓▓▓▓▓▓▓▓▓▓▓▓▓▓▓▓▓▓

You could see a jelly, a worker ant and an adder.

Vanquished Creatures
  An ogre (D)
  A crimson imp (D)
  A leopard gecko (D)
  A giant cockroach (D)
  A hobgoblin (D)
  A frilled lizard (D)
  A rat (D)
7 creatures vanquished.

Notes
Turn   | Place    | Note
-------+----------+-------------------------------------------
     0 | D        | Freyura the Gargoyle Monk began the quest for the Orb.
     0 | D        | Reached XP level 1. HP: 14/14 MP: 2/2
    13 | D        | Reached skill level 1 in Armour
    28 | D        | Noticed a worker ant
    28 | D        | Noticed a jelly
    28 | D        | Noticed a crimson imp
    28 | D        | Noticed an ogre
    31 | D        | Killed an ogre
    31 | D        | Reached skill level 5 in Fighting
    31 | D        | Reached skill level 6 in Maces & Flails
    31 | D        | Reached XP level 2. HP: 21/21 MP: 3/3
    31 | D        | Reached XP level 3. HP: 26/26 MP: 4/4
    31 | D        | Reached XP level 4. HP: 31/31 MP: 5/5
    43 | D        | Splashed by a jelly's acid

Skill      XL: |  1  2  3  4 |
---------------+-------------+-----
Armour         | 3 4 |  4.3
Fighting       | 5 |  5.6
Maces & Flails | 6 |  6.6
Dodging        | 3 4 |  4.2
Stealth        | |  2.4
Invocations    | |  2.1

Action                   |  1- 3 |  4- 6 || total
-------------------------+-------+-------++-------
Melee: Mace              |    20 |    11 ||    31
  Use: Potion            |     1 |       ||     1
Armor: Robe              |     4 |       ||     4
Dodge: Dodged            |    12 |     6 ||    18
